 Dungeon Crawl Stone Soup version 0.30-b1-2-g02819fbbbe (webtiles) character file.

Game seed: 13247067689684379914

82 DavidChitty2 the Covered (level 4, -6/40 HPs)
             Began as a Minotaur Fighter on May 16, 2023.
             Mangled by a gnoll
             ... wielding a +0 halberd
             ... led by a gnoll bouda
              (9 damage)
             ... on level 3 of the Dungeon.
             The game lasted 00:03:15 (1584 turns).

DavidChitty2 the Covered (Minotaur Fighter)         Turns: 1584, Time: 00:03:16

Health: -6/40      AC:  7    Str: 22    XL:     4   Next: 21%
Magic:  3/3        EV:  9    Int:  5    God:
Gold:   101        SH:  4    Dex: 10    Spells: 3/3 levels left

rFire   . . .        a - +0 war axe
rCold   . . .        c - +0 buckler
rNeg    . . .        b - +0 scale mail
rPois   .            (helmet restricted)
rElec   .            (no cloak)
rCorr   .            (no gloves)
SInv    .            (no boots)
Will    .....        (no amulet) Stlth
                     (no ring)
HPRegen 0.26/turn    (no ring)
MPRegen 0.08/turn

%: no passive effects
@: no status effects
A: horns 2, retaliatory headbutt
a: no special abilities


You were on level 3 of the Dungeon.
You visited 1 branch of the dungeon, and saw 3 of its levels.

You collected 189 gold pieces.
You spent 88 gold pieces at shops.

Inventory:

Hand Weapons
 a - a +0 war axe (weapon)
Armour
 b - a +0 scale mail (worn)
 c - a +0 buckler (worn)
 k - a +0 plate armour
   (You found it on level 3 of the Dungeon)
Scrolls
 f - a scroll of magic mapping {unknown}
 g - 2 scrolls of enchant weapon {unknown}
 i - a scroll of fog {unknown}
 j - 2 scrolls of amnesia {unknown}
Potions
 d - a potion of might
 e - 5 potions of heal wounds {@q2}
 h - 4 potions of curing {@q1}
 l - a potion of magic {unknown}


   Skills:
 + Level 4.2 Fighting
 * Level 4.0 Axes
 + Level 4.2 Armour
 + Level 4.2 Shields


You had 3 spell levels left.
You didn't know any spells.
Your spell library contained the following spells:

 Spells                   Type           Power      Damage    Failure   Level
 Inner Flame              Hex/Fire       0%         N/A       99%         3
 Portal Projectile        Hex/Tloc       0%         N/A       99%         3
 Tukima's Dance           Hex            0%         N/A       99%         3
 Passage of Golubria      Tloc           0%         N/A       100%        4
 Blade Hands              Tmut           0%         N/A       100%        5
 Yara's Violent Unravell  Hex/Tmut       0%         3d3       100%        5
 Enfeeble                 Hex            0%         N/A       100%        7


Dungeon Overview and Level Annotations

Branches:
Dungeon (3/15)

Altars:
Uskayaw

Shops:
D:1 *[[!?


Innate Abilities, Weirdness & Mutations

You have a pair of horns on your head.
You reflexively headbutt those who attack you in melee.


Message History

You kill the quokka!
No target in view!
Found 4 stones.
You see here a staff of conjuration {!a}.
j - 2 scrolls labelled EBIGHI TUEN (gained 1)
You hear the slow rusting of a very distant drain.
Found a club.
A gnoll comes into view. It is wielding a +0 spear.
The gnoll shouts!
You hear a shout! x2
A gnoll comes into view. It is wielding a +0 halberd.
The gnoll shouts!
You hear a shout! x2
A gnoll comes into view. It is wielding a +0 whip.
A gnoll bouda comes into view. It is wielding a +0 club.
A gnoll comes into view. It is wielding a +0 flail.
The gnoll shouts!
The gnoll bouda barks out a call to the hunt!
The gnolls pick up the pace!
Found 17 gold pieces.
A quokka comes into view.
You block the gnoll's attack.
You barely miss the gnoll. You headbutt the gnoll!
The gnoll hits you from afar with a +0 halberd!
The gnoll hits you but does no damage.
A dart slug comes into view.
You hit the gnoll but do no damage. You closely miss the gnoll.
The gnoll closely misses you. The gnoll barely misses you.
The gnoll hits you but does no damage. The gnoll barely misses you.
You hit the gnoll. You barely miss the gnoll.
The gnoll hits you with a +0 whip. The gnoll hits you with a +0 spear.
The gnoll closely misses you.
You barely miss the gnoll. You headbutt the gnoll.
You kill the gnoll!
You slash the gnoll! You hit the gnoll bouda.
The gnoll hits you with a +0 whip. You block the gnoll's attack.
The gnoll hits you with a +0 flail!
* * * LOW HITPOINT WARNING * * *
The gnoll hits you with a +0 whip.
* * * LOW HITPOINT WARNING * * *
Your Axes skill increases to level 4!
You barely miss the gnoll. You hit the gnoll bouda. You slash the gnoll!
You kill the gnoll!
The gnoll hits you from afar with a +0 halberd!
* * * LOW HITPOINT WARNING * * *
The gnoll hits you with a +0 flail.
* * * LOW HITPOINT WARNING * * *
The gnoll bouda hits you but does no damage.
A kobold comes into view. It is wielding a +0 short sword.
The quokka bites you but does no damage.
The gnoll hits you from afar with a +0 halberd!
You die...

..............
.............
............# #####...#
........w...# #.......##
........#...###........+
........................
......rg..............>.
.....g.@.......# #.....
.......g.......####.....
K.......................
$.......................
..#.....................
. #......(#####.........
######### #...|.....
#......... #......###


You could see a gnoll bouda, 2 gnolls, a dart slug, a quokka and a kobold
(wandering).

Vanquished Creatures
  2 gnolls (D:3)
  2 adders (D:2)
  A worm (D:2)
  A dart slug (D:1)
  5 ball pythons
  2 endoplasms
  2 giant cockroaches (D:1)
  A goblin (D:1)
  4 hobgoblins (D:1)
  2 jackals (D:2)
  2 quokkas
  12 bats
  6 frilled lizards
  2 kobolds
  8 rats
52 creatures vanquished.

Vanquished Creatures (others)
  A fungus (D:2)
1 creature vanquished.

Grand Total: 53 creatures vanquished

Notes
Turn   | Place    | Note
-------+----------+-------------------------------------------
     0 | D:1      | DavidChitty2 the Minotaur Fighter began the quest for the
                  | Orb.
     0 | D:1      | Reached XP level 1. HP: 19/19 MP: 0/0
    35 | D:1      | Found Alytaf's Armour Emporium.
   129 | D:1      | Found Quzeghaegg's Magic Scroll Boutique.
   145 | D:1      | Reached XP level 2. HP: 27/27 MP: 1/1
   313 | D:1      | Found Iluy's Antique Armour Boutique.
   320 | D:1      | Found Ynej's General Store.
   743 | D:1      | Found Xyleutoo's Distillery.
   749 | D:1      | Reached XP level 3. HP: 33/33 MP: 2/2
   753 | D:1      | Bought a potion of heal wounds for 55 gold pieces
   753 | D:1      | Bought a potion of curing for 33 gold pieces
   872 | D:2      | Found a faded altar of an unknown god.
   957 | D:2      | Found a hide-covered altar of Uskayaw.
  1141 | D:2      | Reached XP level 4. HP: 40/40 MP: 3/3
  1584 | D:3      | Mangled by a gnoll

Illustrated notes

Levels and vault maps discovered:
D:1:      onia_arrival_mini_spirals, layout_loops_cross, serial_shops, shop,
          shop, shop_statue, shop, shop, hex_large, minmay_unequal
D:2:      layout_loops_cross, shapermc_ecumenical_altar_acropolis, basic_altar
D:3:      kennysheep_slugbush, layout_basic, trog_butcher_becter, serial_shops,
          shop, cheibrodos_sewer_entry_sluice

Skill      XL: |  1  2  3  4 |
---------------+-------------+-----
Axes           | 3 4 |  4.0
Fighting       | 4 |  4.2
Armour         | 4 |  4.2
Shields        | 4 |  4.2

Action                     |  1- 3 |  4- 6 || total
---------------------------+-------+-------++-------
  Melee: War axe           |    85 |    13 ||    98
         Headbutt          |     4 |     3 ||     7
 Armour: Scale mail        |    47 |    11 ||    58
  Dodge: Dodged            |    46 |     5 ||    51
  Block: Buckler           |    24 |     3 ||    27
